 Dungeon Crawl Stone Soup version 0.19-a0-628-g9200b3b (webtiles) character file.

12786 Geppetto the Martial Artist (level 11, 0/62 HPs)
             Began as a Vine Stalker Monk on June 13, 2016.
             Slain by a freezing wraith (5 damage)
             ... led by a death knight
             ... on level 11 of the Dungeon.
             The game lasted 00:46:50 (10641 turns).

Geppetto the Martial Artist (Vine Stalker Monk)    Turns: 10641, Time: 00:46:52

Health: 0/62       AC: 12    Str: 19    XL:     11   Next: 98%
Magic:  0/30       EV: 17    Int: 10    God:    Xom [..*...]
Gold:   938        SH:  0    Dex: 19    Spells: 1 memorised, 18 levels left

rFire  . . .     SeeInvis .       - Unarmed
rCold  . . .     Gourm    .     H - +0 troll leather armour
rNeg   . . .     Faith    .     (no shield)
rPois  +         Spirit   +     P - +1 hat {MR+}
rElec  .         Dismiss  .     I - +2 cloak
rCorr  .         Reflect  .     p - +2 pair of gloves
SustAt .         Harm     .     (no boots)
MR     +....     Clarity  +     J - amulet of regeneration
Stlth  ++........ Rnd*Tele +    m - ring of magical power
                                E - ring "Xeluir" {*Tele MR+ Str+4}

@: vulnerable, hasted and slowed, somewhat resistant to hostile enchantments,
unstealthy
A: antennae 1, fangs 3, blurry vision 2, clarity, poison resistance,
regeneration 2, evolution 1, magic shield, antimagic bite, no device heal 3, rot
immunity
a: Renounce Religion


You were on level 11 of the Dungeon.
You worshipped Xom.
You were a toy of Xom.
You were not hungry.

You visited 1 branch of the dungeon, and saw 11 of its levels.
You also visited: Ossuary.

You collected 938 gold pieces.

Inventory:

Armour
 p - a +2 pair of gloves (worn)
 w - a +2 leather armour of poison resistance
 H - a +0 troll leather armour (worn)
 I - a +2 cloak (worn)
 P - a +1 hat of magic resistance (worn)
Jewellery
 j - a +4 amulet of reflection
 m - a ring of magical power (right hand)
 B - an uncursed ring of ice
 E - the ring "Xeluir" (left hand) {*Tele MR+ Str+4}
   (You found it on level 10 of the Dungeon)

   [ring of teleportation]

   It may teleport you next to monsters.
   It affects your strength (+4).
   It affects your resistance to hostile enchantments.
 J - an amulet of regeneration (around neck)
 M - an uncursed ring of see invisible
Wands
 x - a wand of iceblast (9/15)
 D - a wand of disintegration (17/24)
 G - a wand of disintegration (2/24)
 O - a wand of flame (41/48)
 R - a wand of disintegration (16/24)
Scrolls
 c - 7 scrolls of teleportation
 s - 3 scrolls of noise
 u - 2 scrolls of fog
 y - 4 scrolls of amnesia
 A - 2 scrolls of remove curse
 T - 2 scrolls of recharging
Potions
 d - a potion of cancellation
 e - 7 potions of curing
 h - 3 potions of ambrosia
 i - 2 potions of brilliance
 k - a potion of mutation
 l - a potion of berserk rage
 n - 4 potions of flight
 o - 7 potions of lignification
 t - 2 potions of invisibility
 v - a potion of might
 K - a potion of magic
 N - 2 potions of cure mutation {unknown}
Books
 a - a book of Power

   Spells                             Type                      Level
   a - Fulminant Prism                Conjuration/Hexes            4
   b - Iskenderun's Mystic Blast      Conjuration                  4
   c - Venom Bolt                     Conjuration/Poison           5
   d - Bolt of Magma                  Conjuration/Fire/Earth       5
   e - Iron Shot                      Conjuration/Earth            6
   f - Orb of Destruction             Conjuration                  7
   g - Spellforged Servitor           Conjuration/Summoning        7
 q - a book of Ice

   Spells                             Type                      Level
   a - Ice Form                       Ice/Transmutation            4
   b - Metabolic Englaciation         Hexes/Ice                    5
   c - Ozocubu's Refrigeration        Ice                          6
   d - Bolt of Cold                   Conjuration/Ice              6
   e - Freezing Cloud                 Conjuration/Ice/Air          6
   f - Simulacrum                     Ice/Necromancy               6
Comestibles
 b - 10 bread rations
 f - 10 fruits
 g - 4 beef jerkies
 r - 10 meat rations
 z - a slice of pizza
 Q - 4 chunks of flesh


   Skills:
 - Level 9.0 Fighting
 - Level 3.7 Armour
 * Level 7.4 Dodging
 - Level 2.4 Stealth
 - Level 10.3 Unarmed Combat
 + Level 6.2 Spellcasting
 + Level 4.4 Transmutations
 - Level 5.0 Ice Magic


You had 18 spell levels left.
You knew the following spells:

 Your Spells              Type           Power        Failure   Level  Hunger
a - Ice Form              Ice/Tmut       ##......     38%         4    ####...


Dungeon Overview and Level Annotations

Branches:
Dungeon (11/15)            Temple (0/1) D:6            Lair (0/6) D:8
    Orc (0/2) D:9

Altars:
Dithmenos
Fedhas
Hepliaklqana
Kikubaaqudgha
Makhleb
Okawaru
Uskayaw
Vehumet
Xom
Yredelemnul
The Shining One

Annotations:
D:3 exclusion: downstairs
D:4 Sagrath01's ghost, amateur OgBe


Innate Abilities, Weirdness & Mutations

You have razor-sharp teeth.
You heal very quickly.
When hurt, damage is shared between your health and your magic reserves.
Your bite disrupts and absorbs the magic of your enemies.
Potions and wands cannot restore your health.
You are immune to rotting.
You have a pair of small antennae on your head.
Scrolls take you longer to read.
You possess an exceptional clarity of mind.
Your system is resistant to poisons. (rPois)
You evolve.


Message History

The freezing wraith freezes you!
* * * LOW HITPOINT WARNING * * *
The freezing wraith misses you.
The freezing wraith closely misses you. x2
You bump into the rock wall.
You feel less invigorated.
You feel less confused. The freezing wraith hits you!
* * * LOW HITPOINT WARNING * * *
The freezing wraith freezes you!
* * * LOW HITPOINT WARNING * * *
The freezing wraith hits you. The freezing wraith drains your vigour!
You feel as though you will be slow longer.
Okay, then.
You feel yourself speed up.
The freezing wraith completely misses you. x2
The freezing wraith hits you.
* * * LOW HITPOINT WARNING * * *
The freezing wraith freezes you!
You die...
Xom snickers!

#.............<>...............#
#######.#####.##.#.####.####....#
........#####.##.#. #.# #####.
###.........#.##.# #.# #.
..'...........##.# #.# #.
###..........# #.# #. #.
#######......# #.# #. .#
#...######'#+####+## #. .# #...#
#.@W........ #. )######...#
#.....##.... .. ..(..((..##
#.....# . .........######.....#
....................#
.....##########.....# .....#
#.....# .....# #.....# #.####
#.....#


You could see a freezing wraith.

Vanquished Creatures
  2 hill giants (D:10)
  A phantasmal warrior (D:11)
  2 manticores (D:10)
  Maurice (D:11)
  Joseph (D:9)
  Psyche (D:9)
  5 trolls
  A merfolk (D:10)
  A two-headed ogre (D:11)
  A meliai zombie (D:11)
  A yak (D:10)
  Sigmund (D:6)
  4 wyverns
  A hog (D:10)
  A hippogriff (D:8)
  A hungry ghost (D:5)
  A water moccasin (D:10)
  An ice beast (D:6)
  5 orc warriors
  A phantom (D:4)
  8 black bears
  3 ogres
  A necrophage (D:11)
  9 centaurs
  5 big kobolds
  3 giant frogs
  A gnoll sergeant (D:10)
  2 wyvern zombies
  3 scorpions
  8 wights
  4 howler monkeys
  6 electric eels (D:10)
  5 crimson imps
  4 centaur zombies
  3 jellies
  2 quasits
  2 giant frog zombies (D:9)
  A human zombie (Ossuary)
  8 orc priests
  2 hounds
  Jessica (D:3)
  13 orc wizards
  2 iguanas
  7 worker ants
  A killer bee zombie (D:10)
  5 sheep (D:10)
  A big kobold zombie (Ossuary)
  3 hound zombies
  A hound skeleton (D:9)
  5 mummies (Ossuary)
  A howler monkey skeleton (D:7)
  A howler monkey zombie (D:8)
  2 worker ant zombies
  11 adders
  5 shadow imps
  An adder skeleton (D:9)
  A worm (D:2)
  A dart slug (D:2)
  6 giant geckos
  41 orcs
  4 ball pythons
  6 giant cockroaches
  A gnoll zombie (Ossuary)
  10 hobgoblins
  14 jackals
  2 quokkas
  7 bats
  3 giant newts
  6 goblins
  A goblin zombie (Ossuary)
  2 hobgoblin zombies (Ossuary)
  A jackal skeleton (D:6)
  18 kobolds
  An orc zombie (Ossuary)
  2 rats (D:1)
  A bush (D:10)
301 creatures vanquished.

Vanquished Creatures (collateral kills)
  A troll (D:8)
  A wyvern (D:10)
  A scorpion (D:10)
  A wight (D:6)
  A crimson imp (D:6)
  2 orc wizards
  4 orcs (D:6)
  A kobold (D:10)
12 creatures vanquished.

Vanquished Creatures (others)
  A yak (D:10)
  A plant (D:10)
2 creatures vanquished.

Grand Total: 315 creatures vanquished

Notes
Turn   | Place    | Note
--------------------------------------------------------------
     0 | D:1      | Geppetto the Vine Stalker Monk began the quest for the Orb.
     0 | D:1      | Reached XP level 1. HP: 11/11 MP: 2/2
   307 | D:1      | Reached XP level 2. HP: 16/16 MP: 3/3
   848 | D:2      | Reached XP level 3. HP: 13/20 MP: 4/4
  1468 | D:3      | Reached XP level 4. HP: 17/25 MP: 5/5
  1923 | D:3      | Noticed Jessica
  1931 | D:3      | Killed Jessica
  1931 | D:3      | Reached XP level 5. HP: 27/29 MP: 6/6
  1932 | D:3      | Reached skill level 1 in Armour
  2116 | D:3      | You fall through a shaft for 3 floors!
  2127 | D:6      | Noticed Sigmund
  2135 | D:6      | Found a shadowy altar of Dithmenos.
  2135 | D:6      | Noticed a centaur
  2147 | D:6      | Noticed an orc warrior
  2149 | D:7      | Noticed a big kobold
  2170 | D:7      | Noticed an ogre
  2206 | D:5      | Entered Level 5 of the Dungeon
  2214 | D:5      | Gained mutation: You heal very quickly. [Vine Stalker growth]
  2214 | D:5      | Reached XP level 6. HP: 15/33 MP: 7/7
  2271 | D:5      | Found a radiant altar of Vehumet.
  2368 | D:4      | Found a sand-covered staircase.
  2374 | Ossuary  | Entered an ossuary
  2558 | Ossuary  | Reached skill level 5 in Unarmed Combat
  2831 | D:4      | Found a blossoming altar of Fedhas.
  2832 | D:4      | Noticed a phantom
  2896 | D:4      | Killed a phantom
  2896 | D:4      | Reached XP level 7. HP: 21/37 MP: 8/8
  3030 | D:4      | Noticed Sagrath01's ghost (amateur OgBe)
  3132 | D:4      | Reached skill level 6 in Unarmed Combat
  4103 | D:5      | Reached skill level 7 in Unarmed Combat
  4211 | D:5      | Gained mutation: You have razor-sharp teeth. [Vine Stalker growth]
  4211 | D:5      | Reached XP level 8. HP: 42/42 MP: 9/9
  4326 | D:5      | Found a shimmering altar of Xom.
  4339 | D:5      | Became a worshipper of Xom of Chaos
  4464 | D:5      | XOM: potion effect (haste)
  4465 | D:5      | XOM: potion effect (invisibility)
  4701 | D:6      | XOM: potion effect (might)
  4703 | D:6      | XOM: smoke on damage
  4705 | D:6      | XOM: potion effect (magic)
  4706 | D:6      | XOM: potion effect (haste)
  4707 | D:6      | Killed Sigmund
  4707 | D:6      | Reached skill level 8 in Unarmed Combat
  4715 | D:6      | XOM: summons 8 friendly demons
  4725 | D:6      | Reached skill level 9 in Unarmed Combat
  4927 | D:6      | XOM: noise
  4941 | D:6      | Reached XP level 9. HP: 34/45 MP: 6/10
  4943 | D:6      | Reached skill level 10 in Unarmed Combat
  5077 | D:6      | Found an iron altar of Okawaru.
  5080 | D:6      | Found a hide-covered altar of Uskayaw.
  5081 | D:6      | Found a glowing golden altar of the Shining One.
  5081 | D:6      | Found a burning altar of Makhleb.
  5082 | D:6      | Found an ancient bone altar of Kikubaaqudgha.
  5083 | D:6      | Found a hazy altar of Hepliaklqana.
  5125 | D:6      | Found a staircase to the Ecumenical Temple.
  5237 | D:7      | Reached skill level 5 in Fighting
  5258 | D:7      | XOM: mild Hex miscast
  5460 | D:7      | XOM: medium Necr miscast
  5765 | D:7      | Learned a level 4 spell: Ice Form
  5916 | D:7      | XOM is BORED!
  5916 | D:7      | XOM: medium Summ miscast
  6229 | D:8      | XOM: swap monsters
  6235 | D:8      | XOM: confuse monster(s)
  6239 | D:8      | XOM: harmless Conj miscast
  6248 | D:8      | Reached skill level 1 in Transmutations
  6299 | D:8      | Found a staircase to the Lair.
  6305 | D:8      | Noticed a troll
  6307 | D:8      | XOM: summons friendly shadow imp
  6312 | D:8      | Killed a troll
  6517 | D:8      | XOM: swap monsters
  6601 | D:8      | XOM: potion effect (invisibility)
  6606 | D:8      | Reached XP level 10. HP: 55/55 MP: 11/11
  6847 | D:8      | Found a basalt altar of Yredelemnul.
  6975 | D:9      | XOM: divination: magic mapping
  6984 | D:9      | Noticed Joseph
  6990 | D:9      | XOM: potion effect (haste)
  7004 | D:9      | Killed Joseph
  7004 | D:9      | Reached skill level 1 in Ice Magic
  7021 | D:9      | XOM: harmless Hex miscast
  7027 | D:9      | Found a staircase to the Orcish Mines.
  7073 | D:9      | Reached skill level 1 in Spellcasting
  7138 | D:9      | XOM: mild Divn miscast
  7236 | D:9      | XOM: 1-stop teleportation journey
  7298 | D:9      | XOM: give mutations
  7298 | D:9      | Gained mutation: You have a pair of small antennae on your head. [Xom's grace]
  7298 | D:9      | Gained mutation: You evolve. [Xom's grace]
  7298 | D:9      | Gained mutation: You possess an exceptional clarity of mind. [Xom's grace]
  7326 | D:9      | Noticed Psyche
  7338 | D:9      | Killed Psyche
  7593 | D:9      | XOM: god gift: 4 meat rations
  7614 | D:9      | XOM: noise
  7620 | D:9      | XOM: summons friendly shadow imp
  7622 | D:9      | XOM: god gift: meat ration
  7623 | D:9      | XOM: summons friendly iron imp
  7651 | D:9      | XOM: cast spell 'Confusing Touch'
  7812 | D:10     | Entered Level 10 of the Dungeon
  7838 | D:10     | XOM: summons 2 friendly demons
  7839 | D:10     | XOM: potion effect (berserk rage)
  7939 | D:10     | XOM: divination: detect creatures
  7942 | D:10     | XOM: divination: detect items
  7945 | D:10     | XOM: enchant monster (good)
  7964 | D:10     | XOM: cast spell 'Cause Fear'
  7968 | D:10     | XOM: scenery: create altars
  8009 | D:10     | XOM: cast spell 'Summon Butterflies'
  8020 | D:10     | XOM: enchant monster (good)
  8026 | D:10     | Found a radiant altar of Vehumet.
  8026 | D:10     | XOM: 9-stop teleportation journey
  8026 | D:10     | Noticed a hill giant
  8028 | D:10     | XOM: potion effect (berserk rage)
  8034 | D:10     | Killed a hill giant
  8034 | D:10     | Reached XP level 11. HP: 62/62 MP: 13/17
  8107 | D:10     | Gained mutation: Your system is resistant to poisons. (rPois) [evolution]
  8109 | D:10     | XOM: harmless Necr miscast
  8126 | D:10     | XOM: mild Conj miscast
  8138 | D:10     | Reached skill level 5 in Dodging
  8201 | D:10     | XOM: scenery: 1 fountains blood, 5 doors open
  8210 | D:10     | HP: 1/93 [wyvern zombie (6)]
  8232 | D:10     | HP: 2/62 [troll (4)]
  8459 | D:10     | XOM: 6-stop teleportation journey
  8564 | D:10     | XOM: god gift: glowing hunting sling {god gift}
  8567 | D:10     | Noticed a hill giant
  8747 | D:10     | Killed a hill giant
  8768 | D:10     | XOM: divination: detect items
  8783 | D:10     | XOM: give mutations
  8783 | D:10     | Gained mutation: Scrolls take you a little longer to read. [Xom's mischief]
  8783 | D:10     | Gained mutation: Your muscles are strong. (Str +2) [Xom's mischief]
  8783 | D:10     | Gained mutation: Scrolls take you longer to read. [Xom's mischief]
  8831 | D:10     | XOM: blink monster(s)
  8835 | D:10     | Reached skill level 5 in Spellcasting
  8841 | D:10     | XOM: divination: detect creatures
  8871 | D:10     | XOM: polymorph orc warrior -> centaur
  8884 | D:10     | XOM: mild Hex miscast
  8898 | D:10     | XOM: cast spell 'Summon Ice Beast'
  8958 | D:10     | XOM: divination: detect items
  9034 | D:10     | XOM: noise
  9041 | D:10     | Reached skill level 5 in Ice Magic
  9192 | D:10     | XOM: fog
  9283 | D:10     | Noticed a manticore
  9295 | D:10     | Killed a manticore
  9497 | D:10     | Got a brightly glowing lapis lazuli ring
  9590 | D:10     | XOM: give mutations
  9590 | D:10     | Lost mutation: Your muscles are strong. (Str +2) [Xom's mischief]
  9590 | D:10     | Gained mutation: Your body sometimes deteriorates upon taking damage. [Xom's mischief]
  9590 | D:10     | Lost mutation: Your body sometimes deteriorates upon taking damage. [Xom's mischief]
  9600 | D:10     | Identified the ring "Xeluir" {*Tele MR+ Str+4} (You found it on level 10 of the Dungeon)
  9636 | D:10     | Noticed a manticore
  9641 | D:10     | XOM: enchant monster (bad)
  9646 | D:10     | Killed a manticore
 10127 | D:11     | XOM: potion effect (agility)
 10185 | D:11     | Noticed Maurice
 10195 | D:11     | Killed Maurice
 10208 | D:11     | XOM: cloud trail
 10280 | D:11     | XOM: silly message
 10455 | D:11     | XOM: mild Fire miscast
 10624 | D:11     | Noticed a phantasmal warrior
 10634 | D:11     | Killed a phantasmal warrior
 10640 | D:11     | HP: 3/62 [freezing wraith[a death knight] (3)]
 10641 | D:11     | Slain by a freezing wraith

Vault maps used:
D:1:      minmay_arrival_cross, minmay_misc_feat_hallway
D:2:      kennysheep_nondescript
D:3:      uniq_jessica
D:4:      fedhas_altar_2, nicolae_ossuary_entry_monument
D:5:      vehumet_crystals, xom_teletrap_fun, first_bread
D:6:      nicolae_dithmenos_the_darkroom, minitemple,
          minmay_temple_entry_junction2, uniq_sigmund
D:8:      dpeg_oklobed_lair, serial_glass, glass_columns_b, glass_columns_c,
          basic_altar
D:9:      orc_0_dummy, uniq_psyche, uniq_joseph
D:10:     kennysheep_town
D:11:     uniq_maurice
Ossuary:  ossuary_crypta

Skill      XL: |  1  2  3  4  5  6  7  8  9 10 11 |
---------------+----------------------------------+-----
Fighting       | 3 4 7 9 |  9.0
Dodging        | 3 4 7 |  7.4
Armour         | 2 3 |  3.7
Unarmed Combat | 5 7 9 10 | 10.3
Transmutations | 2 3 4 |  4.4
Ice Magic      | 3 5 |  5.0
Spellcasting   | 3 6 |  6.2
Stealth        | |  2.4

Action                   |  1- 3 |  4- 6 |  7- 9 | 10-12 || total
-------------------------+-------+-------+-------+-------++-------
Melee: Unarmed           |    96 |   275 |   361 |   544 ||  1276
       Bite              |    28 |    69 |   104 |   231 ||   432
       Punch             |     1 |     7 |    18 |    42 ||    68
Evoke: Wand              |       |       |       |     3 ||     3
  Use: Scroll            |     5 |     7 |     7 |    15 ||    34
       Potion            |       |     2 |     2 |     7 ||    11
 Stab: Sleeping          |     6 |     1 |     6 |     7 ||    20
       Distracted        |       |       |     4 |     2 ||     6
       Invisible         |       |       |     2 |     1 ||     3
       Confused          |       |       |     1 |     1 ||     2
  Eat: Chunk             |     2 |     3 |    14 |    17 ||    36
       Fruit             |       |     1 |     1 |       ||     2
Armor: Robe              |    30 |    27 |    39 |       ||    96
       Chain mail        |       |    90 |       |       ||    90
       Skin              |       |     6 |       |       ||     6
       Leather armour    |       |       |    25 |       ||    25
       Troll leather arm |       |       |    12 |   170 ||   182
Dodge: Dodged            |    75 |   114 |   210 |   526 ||   925
Block: Other             |       |       |       |     2 ||     2
